NYP
IDAHO FALLS CHUKARS @ SPOKANE INDIANS
08/13/2045
 
TOP OF THE 1ST
Idaho Falls Chukars batting - Pitching for Spokane Indians : RHP Masataka Kawai
Pitching: RHP Masataka Kawai
Batting: LHB John Wagner 0-0: Called Strike
0-1: Called Strike
0-2: Ball
1-2: Strikes out swinging
Batting: RHB Kevin Allen 0-0: Ball
1-0: Ball
2-0: Ball
3-0: Base on Balls
Batting: LHB David Bearden 0-0: Called Strike
0-1: Ball
1-1: Foul Ball, location: 2F
1-2: Strikes out looking
Batting: LHB Joe Cozart 0-0: Called Strike
0-1: Foul Ball, location: 2F
0-2: Ball
1-2: Ground out 4-3 (Groundball, 4S, EV 69.4 MPH)
Top of the 1st over - 0 runs, 0 hits, 0 errors, 1 left on base; Idaho Falls 0 - Spokane 0
BOTTOM OF THE 1ST
Spokane Indians batting - Pitching for Idaho Falls Chukars : RHP Mike Tuck
Pitching: RHP Mike Tuck
Batting: RHB Zi-jing Wang 0-0: Called Strike
0-1: Ball
1-1: DOUBLE (Groundball, 5L, EV 101.9 MPH)
Batting: LHB Ben Radach 0-0: Ball
1-0: Called Strike
1-1: Ball
2-1: Ball
3-1: Foul Ball, location: 2F
3-2: Base on Balls
Batting: LHB Gabriel Graves 0-0: Ball
1-0: Foul Ball, location: 2F
1-1: Ball
2-1: SINGLE (Groundball, 56D, EV 106.9 MPH)
Zi-jing Wang to third
Ben Radach to second
Batting: RHB Dale Aubrey 0-0: Fielders Choice at 2nd, 3-6 (Groundball, 34S, EV 92.5 MPH)
Zi-jing Wang scores
Ben Radach to third
Batting: SHB David Simpson 0-0: Ball
Dale Aubrey steals 2nd base
1-0: Called Strike
1-1: Ball
2-1: Swinging Strike
2-2: Ball
3-2: DOUBLE (Flyball, 7LD, EV 103.8 MPH)
Ben Radach scores
Dale Aubrey scores
Pitching: RHP Philip Terrell
Batting: RHB Shoh Tanioka 0-0: Called Strike
David Simpson steals 3rd base
0-1: Called Strike
0-2: Ball
1-2: SINGLE (Line Drive, 89M, EV 93.1 MPH)
David Simpson scores
Batting: LHB Mike Sammons 0-0: Ball
1-0: Ball
2-0: Called Strike
2-1: Ball
3-1: Base on Balls
Shoh Tanioka to second
Batting: RHB Salvador Caldera 0-0: Called Strike
Shoh Tanioka steals 3rd base
0-1: Ball
Mike Sammons steals 2nd base
1-1: Ball
2-1: Swinging Strike
2-2: Foul Ball, location: 2F
2-2: Foul Ball, location: 2F
2-2: Strikes out swinging
Batting: SHB Reagan Dudley 0-0: Ball
1-0: Foul Ball, location: 2F
1-1: Ball
2-1: Called Strike
2-2: DOUBLE (Groundball, 3L, EV 106.2 MPH)
Shoh Tanioka scores
Mike Sammons scores
Pitching: RHP Matt Slater
Batting: RHB Zi-jing Wang 0-0: Ball
1-0: Ball
2-0: Ball
3-0: Base on Balls
Batting: LHB Ben Radach 0-0: Ball
1-0: Called Strike
1-1: Called Strike
1-2: Strikes out swinging
Bottom of the 1st over - 6 runs, 5 hits, 0 errors, 2 left on base; Idaho Falls 0 - Spokane 6
TOP OF THE 2ND
Idaho Falls Chukars batting - Pitching for Spokane Indians : RHP Masataka Kawai
Batting: SHB Ryoji Hiraoka 0-0: Fly out, F9 (Flyball, 89S, EV 84.4 MPH)
Batting: RHB Edwin Ramos 0-0: SINGLE (Groundball, 4M, EV 105.0 MPH) (infield hit)
Batting: RHB Justin Goff 0-0: Ball
1-0: Swinging Strike
1-1: Ball
Edwin Ramos steals 2nd base
2-1: Swinging Strike
2-2: Strikes out looking
Batting: RHB Ben Minge 0-0: Ball
1-0: Fly out, F8 (Flyball, 8RS, EV 96.9 MPH)
Top of the 2nd over - 0 runs, 1 hit, 0 errors, 1 left on base; Idaho Falls 0 - Spokane 6
BOTTOM OF THE 2ND
Spokane Indians batting - Pitching for Idaho Falls Chukars : RHP Matt Slater
Batting: LHB Gabriel Graves 0-0: Ball
1-0: Called Strike
1-1: Ball
2-1: Foul Ball, location: 2F
2-2: Ball
3-2: Foul Ball, location: 2F
3-2: Foul Ball, location: 2F
3-2: Base on Balls
Batting: RHB Dale Aubrey 0-0: Ball
Gabriel Graves steals 2nd base (no throw)
1-0: DOUBLE (Line Drive, 89M, EV 105.6 MPH)
Gabriel Graves scores
Pitching: RHP Bryan Kiefer
Batting: SHB David Simpson 0-0: Ball
1-0: Called Strike
1-1: Swinging Strike
1-2: Strikes out swinging
Batting: RHB Shoh Tanioka 0-0: Ball
1-0: Ball
2-0: Ball
3-0: Base on Balls
Batting: LHB Mike Sammons 0-0: Foul Ball, location: 2F
0-1: Foul Ball, location: 2F
0-2: Ball
1-2: Ball
2-2: TRIPLE (Flyball, 89XD, EV 109.4 MPH)
Dale Aubrey scores
Shoh Tanioka scores
Batting: RHB Salvador Caldera 0-0: Ball
1-0: DOUBLE (Line Drive, 78D, EV 105.0 MPH)
Mike Sammons scores
Pinch Runner at 2nd Justin Covington:
Batting: SHB Reagan Dudley 0-0: Ball
1-0: Ball
2-0: Foul Ball, location: 2F
2-1: Ball
3-1: Swinging Strike
3-2: SINGLE (Groundball, 4D, EV 94.4 MPH)
Justin Covington to third
Pitching: RHP Howie Seidler
Batting: RHB Zi-jing Wang 0-0: Called Strike
0-1: Fly out, F4 (Popup, 34S, EV 86.9 MPH)
Batting: LHB Ben Radach 0-0: Foul Ball, location: 2F
0-1: Fielders Choice at 2nd, 6-4 (Groundball, 6, EV 85.6 MPH)
Bottom of the 2nd over - 4 runs, 4 hits, 0 errors, 2 left on base; Idaho Falls 0 - Spokane 10
TOP OF THE 3RD
Idaho Falls Chukars batting - Pitching for Spokane Indians : RHP Masataka Kawai
Now in RF: Justin Covington
Batting: RHB Timotheus Cooper 0-0: Ground out 5-3 (Groundball, 56, EV 89.4 MPH)
Batting: LHB John Wagner 0-0: Called Strike
0-1: Swinging Strike
0-2: Strikes out swinging
Batting: RHB Kevin Allen 0-0: Fly out, F8 (Flyball, 8RXD, EV 86.2 MPH)
Top of the 3rd over - 0 runs, 0 hits, 0 errors, 0 left on base; Idaho Falls 0 - Spokane 10
BOTTOM OF THE 3RD
Spokane Indians batting - Pitching for Idaho Falls Chukars : RHP Howie Seidler
Batting: LHB Gabriel Graves 0-0: Called Strike
0-1: Called Strike
0-2: Strikes out looking
Batting: RHB Dale Aubrey 0-0: Called Strike
0-1: Swinging Strike
0-2: Ball
1-2: Ball
2-2: Foul Ball, location: 2F
2-2: SINGLE (Flyball, 89S, EV 99.4 MPH)
Batting: SHB David Simpson 0-0: Ball
1-0: Ball
2-0: Ball
3-0: Base on Balls
Dale Aubrey to second
Batting: RHB Shoh Tanioka 0-0: Ball
1-0: SINGLE (Groundball, 56D, EV 103.8 MPH)
Dale Aubrey to third
David Simpson to second
Runner from 3rd tries for Home, SAFE, throw by LF to home
Pitching: LHP Josh Dalton
Batting: LHB Mike Sammons 0-0: Called Strike
0-1: Ball
1-1: Ball
Balk!
David Simpson to third
Shoh Tanioka to second
2-1: Swinging Strike
2-2: Ground out 5-3 (Groundball, 6, EV 105.0 MPH)
David Simpson scores
Batting: LHB Justin Covington 0-0: Fly out, F7 (Line Drive, 7D, EV 110.0 MPH)
Bottom of the 3rd over - 2 runs, 2 hits, 0 errors, 1 left on base; Idaho Falls 0 - Spokane 12
TOP OF THE 4TH
Idaho Falls Chukars batting - Pitching for Spokane Indians : RHP Masataka Kawai
Batting: LHB David Bearden 0-0: Foul Ball, location: 2F
0-1: Ball
1-1: Swinging Strike
1-2: Ball
2-2: Foul Ball, location: 2F
2-2: Strikes out looking
Batting: LHB Joe Cozart 0-0: Foul Ball, location: 2F
0-1: Ball
1-1: Ball
2-1: DOUBLE (Groundball, 3L, EV 111.2 MPH)
Batting: SHB Ryoji Hiraoka 0-0: Ball
1-0: Called Strike
1-1: Called Strike
1-2: Ground out 4-3 (Groundball, 4, EV 81.9 MPH)
Joe Cozart to third
Batting: RHB Edwin Ramos 0-0: Called Strike
0-1: Called Strike
0-2: Strikes out looking
Top of the 4th over - 0 runs, 1 hit, 0 errors, 1 left on base; Idaho Falls 0 - Spokane 12
BOTTOM OF THE 4TH
Spokane Indians batting - Pitching for Idaho Falls Chukars : LHP Josh Dalton
Batting: SHB Reagan Dudley 0-0: Ball
1-0: Ground out 6-3 (Groundball, 56, EV 84.4 MPH)
Batting: RHB Zi-jing Wang 0-0: Ball
1-0: Ball
2-0: Ground out 6-3 (Groundball, 6, EV 90.0 MPH)
Batting: LHB Ben Radach 0-0: Called Strike
0-1: Ball
1-1: SINGLE (Line Drive, 6M, EV 95.0 MPH)
Batting: LHB Gabriel Graves 0-0: Ball
1-0: Ball
Balk!
Ben Radach to second
2-0: Ball
3-0: Called Strike
3-1: Called Strike
3-2: Foul Ball, location: 2F
3-2: Ground out 5-3 (Groundball, 56, EV 93.8 MPH)
Bottom of the 4th over - 0 runs, 1 hit, 0 errors, 1 left on base; Idaho Falls 0 - Spokane 12
TOP OF THE 5TH
Idaho Falls Chukars batting - Pitching for Spokane Indians : RHP Masataka Kawai
Batting: RHB Justin Goff 0-0: Ball
1-0: DOUBLE (Groundball, 5L, EV 108.8 MPH)
Batting: RHB Ben Minge 0-0: Ball
1-0: Foul Ball, location: 2F
1-1: Swinging Strike
1-2: Strikes out looking
Batting: RHB Timotheus Cooper 0-0: Ball
1-0: DOUBLE (Flyball, 78D, EV 98.8 MPH)
Justin Goff scores
Batting: LHB John Wagner 0-0: Called Strike
0-1: Foul Ball, location: 2F
0-2: Ball
1-2: Strikes out swinging
Batting: RHB Kevin Allen 0-0: Called Strike
0-1: Ball
1-1: Called Strike
1-2: Ball
2-2: Strikes out swinging
Top of the 5th over - 1 run, 2 hits, 0 errors, 1 left on base; Idaho Falls 1 - Spokane 12
BOTTOM OF THE 5TH
Spokane Indians batting - Pitching for Idaho Falls Chukars : LHP Josh Dalton
Batting: RHB Dale Aubrey 0-0: Called Strike
0-1: Swinging Strike
0-2: Ball
1-2: Ball
2-2: Strikes out swinging
Batting: SHB David Simpson 0-0: Ball
1-0: Ball
2-0: Swinging Strike
2-1: Ball
3-1: Fly out, F8 (Flyball, 89D, EV 86.2 MPH)
Batting: RHB Shoh Tanioka 0-0: Hit by Pitch
Pinch Runner at 1st Harrison McLaughlin:
Batting: LHB Mike Sammons 0-0: Ball
Wild Pitch!
Harrison McLaughlin to second
1-0: Called Strike
1-1: Foul Ball, location: 2F
1-2: Foul Ball, location: 2F
1-2: Strikes out swinging
Bottom of the 5th over - 0 runs, 0 hits, 0 errors, 1 left on base; Idaho Falls 1 - Spokane 12
TOP OF THE 6TH
Idaho Falls Chukars batting - Pitching for Spokane Indians : RHP Masataka Kawai
Now at 3B: Harrison McLaughlin
Batting: LHB David Bearden 0-0: Ground out 4-3 (Groundball, 4, EV 86.9 MPH)
Batting: LHB Joe Cozart 0-0: Called Strike
0-1: Foul Ball, location: 2F
0-2: Ground out 4-3 (Groundball, 4M, EV 106.9 MPH)
Batting: SHB Ryoji Hiraoka 0-0: Called Strike
0-1: Ball
1-1: SINGLE (Line Drive, 4D, EV 101.9 MPH)
Batting: RHB Edwin Ramos 0-0: Ball
Ryoji Hiraoka steals 2nd base
1-0: Called Strike
1-1: Ball
Wild Pitch!
Ryoji Hiraoka to third
2-1: Swinging Strike
2-2: Foul Ball, location: 2F
2-2: Foul Ball, location: 2F
2-2: Strikes out looking
Top of the 6th over - 0 runs, 1 hit, 0 errors, 1 left on base; Idaho Falls 1 - Spokane 12
BOTTOM OF THE 6TH
Spokane Indians batting - Pitching for Idaho Falls Chukars : LHP Josh Dalton
Batting: LHB Justin Covington 0-0: Ball
1-0: Called Strike
1-1: SINGLE (Line Drive, 9S, EV 93.8 MPH)
Batting: SHB Reagan Dudley 0-0: Ball
1-0: Ball
2-0: Ball
3-0: Called Strike
3-1: Foul Ball, location: 2F
3-2: Base on Balls
Justin Covington to second
Pitching: LHP Randy Stapleton
Batting: RHB Zi-jing Wang 0-0: Foul Ball, location: 2F
0-1: Foul Ball, location: 2F
0-2: Fielders Choice at 2nd, 6-4 (Groundball, 56, EV 105.6 MPH)
Justin Covington to third
Batting: LHB Ben Radach 0-0: Ball
1-0: Ball
2-0: Ball
Wild Pitch!
Justin Covington scores
Zi-jing Wang to second
3-0: Base on Balls
Batting: LHB Gabriel Graves 0-0: Ball
1-0: Ball
2-0: Ball
3-0: Called Strike
3-1: Grounds into double play, 5-4-3 (Groundball, 56S, EV 89.4 MPH)
Bottom of the 6th over - 1 run, 1 hit, 0 errors, 1 left on base; Idaho Falls 1 - Spokane 13
TOP OF THE 7TH
Idaho Falls Chukars batting - Pitching for Spokane Indians : RHP Masataka Kawai
Now at 2B: Knud Prins
Batting: RHB Justin Goff 0-0: Ground out U3 (Groundball, 3, EV 98.8 MPH)
Batting: RHB Ben Minge 0-0: Ball
1-0: Ball
2-0: Called Strike
2-1: Ground out 6-3 (Groundball, 6S, EV 93.8 MPH)
Batting: RHB Timotheus Cooper 0-0: Ball
1-0: Called Strike
1-1: Ball
2-1: Swinging Strike
2-2: Foul Ball, location: 2F
2-2: Fly out, F4 (Line Drive, 4, EV 69.4 MPH)
Top of the 7th over - 0 runs, 0 hits, 0 errors, 0 left on base; Idaho Falls 1 - Spokane 13
BOTTOM OF THE 7TH
Spokane Indians batting - Pitching for Idaho Falls Chukars : LHP Randy Stapleton
Batting: RHB Dale Aubrey 0-0: Ball
1-0: Ball
2-0: Ball
3-0: Swinging Strike
3-1: Foul Ball, location: 2F
3-2: Foul Ball, location: 2F
3-2: Foul Ball, location: 2F
3-2: Foul Ball, location: 2F
3-2: Fly out, F8 (Flyball, 78D, EV 90.0 MPH)
Pinch Hitting: LHB Antonio Domingues 0-0: Hit by Pitch
DELAY Rain delay of 52 minutes in the 7th inning.
Pitching: LHP Manny Berrones
Batting: SHB Harrison McLaughlin 0-0: Ball
1-0: DOUBLE (Flyball, 89D, EV 108.1 MPH)
Antonio Domingues to third
Batting: LHB Mike Sammons 0-0: 3-RUN HOME RUN (Flyball, 9LD, EV 90.6 MPH), Distance : 340 ft
Pinch Hitting: RHB Matt Wheaton 0-0: Called Strike
0-1: Ball
1-1: Ball
2-1: Called Strike
2-2: Ball
3-2: Base on Balls
Pinch Hitting: RHB Jose Sisneros 0-0: Swinging Strike
0-1: Ball
1-1: Ball
2-1: Ball
3-1: Foul Ball, location: 2F
3-2: Foul Ball, location: 2F
3-2: Foul Ball, location: 2F
3-2: Strikes out swinging
Batting: RHB Zi-jing Wang 0-0: Called Strike
0-1: Ball
1-1: Swinging Strike
1-2: Ball
2-2: Ball
3-2: Base on Balls
Matt Wheaton to second
Batting: LHB Ben Radach 0-0: Ball
1-0: Swinging Strike
1-1: Ball
2-1: Ball
3-1: Base on Balls
Matt Wheaton to third
Zi-jing Wang to second
Pinch Hitting: RHB Francisco Trejo 0-0: Ball
Wild Pitch!
Matt Wheaton scores
Zi-jing Wang to third
Ben Radach to second
Balk!
Zi-jing Wang scores
Ben Radach to third
Balk!
Ben Radach scores
1-0: Ball
2-0: Ball
3-0: Called Strike
3-1: Fly out, F8 (Flyball, 8LS, EV 90.0 MPH)
Bottom of the 7th over - 6 runs, 2 hits, 0 errors, 0 left on base; Idaho Falls 1 - Spokane 19
TOP OF THE 8TH
Idaho Falls Chukars batting - Pitching for Spokane Indians : RHP Masataka Kawai
Now at 1B: Tony Mendez
Now at 2B: Jose Sisneros
Now at SS: Francisco Trejo
Now in RF: Matt Wheaton
Batting: LHB John Wagner 0-0: Called Strike
0-1: Foul Ball, location: 2F
0-2: Strikes out swinging
Batting: RHB Kevin Allen 0-0: Ball
1-0: Called Strike
1-1: Ball
2-1: Ground out 6-3 (Groundball, 6, EV 101.9 MPH)
Pinch Hitting: RHB Chad Sullivan 0-0: Ball
1-0: Ball
2-0: Called Strike
2-1: Foul Ball, location: 2F
2-2: Strikes out swinging
Top of the 8th over - 0 runs, 0 hits, 0 errors, 0 left on base; Idaho Falls 1 - Spokane 19
BOTTOM OF THE 8TH
Spokane Indians batting - Pitching for Idaho Falls Chukars : LHP Manny Berrones
Pitching: RHP Danny Ballenger
Now in LF: John Wagner
Now in CF: Chad Sullivan
Batting: RHB Dale Aubrey 0-0: Hit by Pitch
Pinch Hitting: LHB Guo-ning Ren 0-0: Ball
Wild Pitch!
Dale Aubrey to second
1-0: Foul Ball, location: 2F
1-1: Foul Ball, location: 2F
1-2: Foul Ball, location: 2F
1-2: Foul Ball, location: 2F
1-2: Ball
2-2: Ball
Wild Pitch!
Dale Aubrey to third
3-2: Foul Ball, location: 2F
3-2: Foul Ball, location: 2F
3-2: Base on Balls
Batting: SHB Harrison McLaughlin 0-0: Ball
1-0: Ball
2-0: Ball
Wild Pitch!
Dale Aubrey scores
Guo-ning Ren to second
3-0: Base on Balls
Batting: LHB Mike Sammons 0-0: Called Strike
0-1: SINGLE (Groundball, 4MD, EV 100.6 MPH)
Guo-ning Ren to third
Harrison McLaughlin to second
Runner from 3rd tries for Home, SAFE, throw by CF to home
Batting: RHB Matt Wheaton 0-0: Ball
Wild Pitch!
Harrison McLaughlin to third
Mike Sammons to second
1-0: Ball
2-0: Foul Ball, location: 2F
2-1: Foul Ball, location: 2F
2-2: Ball
3-2: Foul Ball, location: 2F
3-2: Base on Balls
Batting: RHB Jose Sisneros 0-0: Ball
1-0: Ball
2-0: Foul Ball, location: 2F
Balk!
Harrison McLaughlin scores
Mike Sammons to third
Matt Wheaton to second
2-1: Swinging Strike
2-2: Ball
3-2: Base on Balls
Batting: RHB Zi-jing Wang 0-0: Ball
Wild Pitch!
Mike Sammons scores
Matt Wheaton to third
Jose Sisneros to second
1-0: Swinging Strike
Balk!
Matt Wheaton scores
Jose Sisneros to third
1-1: Ball
2-1: Foul Ball, location: 2F
2-2: Ball
Wild Pitch!
Jose Sisneros scores
3-2: Ground out 5-3 (Groundball, 5, EV 89.4 MPH)
Pitching: RHP Sean Hill
Batting: LHB Ben Radach 0-0: Ball
1-0: Ball
2-0: Ball
3-0: Base on Balls
Batting: RHB Francisco Trejo 0-0: Called Strike
0-1: Ball
1-1: Called Strike
1-2: Foul Ball, location: 2F
1-2: Ball
2-2: Ball
3-2: Base on Balls
Ben Radach to second
Batting: RHB Dale Aubrey 0-0: Ball
1-0: Called Strike
1-1: Ball
2-1: Fly out, F6 (Popup, 6MS, EV 64.4 MPH)
Batting: LHB Guo-ning Ren 0-0: Ball
Wild Pitch!
Ben Radach to third
Francisco Trejo to second
1-0: Fly out, F6 (Popup, 6, EV 69.4 MPH)
Bottom of the 8th over - 6 runs, 1 hit, 0 errors, 2 left on base; Idaho Falls 1 - Spokane 25
TOP OF THE 9TH
Idaho Falls Chukars batting - Pitching for Spokane Indians : RHP Masataka Kawai
Pitching: RHP Jason Barlow
Now at 1B: Kazuo Morita
Batting: LHB Joe Cozart 0-0: Ball
1-0: Swinging Strike
1-1: Fly out, F4 (Line Drive, 4, EV 70.0 MPH)
Pinch Hitting: RHB Adam Krieger 0-0: Ball
1-0: Ball
2-0: Foul Ball, location: 2F
2-1: Foul Ball, location: 2F
2-2: SOLO HOME RUN (Flyball, 78XD, EV 103.8 MPH), Distance : 408 ft
Batting: RHB Edwin Ramos 0-0: Swinging Strike
0-1: Fly out, F8 (Flyball, 8LD, EV 91.2 MPH)
Batting: RHB Justin Goff 0-0: Called Strike
0-1: Called Strike
0-2: Ball
1-2: Ball
2-2: Ball
3-2: SINGLE (Groundball, 56D, EV 100.0 MPH)
Batting: RHB Ben Minge 0-0: Foul Ball, location: 2F
0-1: Swinging Strike
0-2: Ball
1-2: Strikes out swinging
Top of the 9th over - 1 run, 2 hits, 0 errors, 1 left on base; Idaho Falls 2 - Spokane 25
Wednesday, June 22nd , 2022 - OOTP Baseball 23.4 Build 64